 Dungeon Crawl Stone Soup version 0.30-a0-4-ga7cffc901d (webtiles) character file.

Game seed: 14174934081212572546

8056 porpoise the Grappler (level 11, -14/85 HPs)
             Began as a Demonspawn Gladiator on Aug 21, 2022.
             Was an Elder of Dithmenos.
             Demolished by an orc warrior
             ... wielding a +0 war axe
              (17 damage)
             ... on level 9 of the Dungeon.
             The game lasted 00:45:56 (13609 turns).

porpoise the Grappler (Demonspawn Gladiator)       Turns: 13609, Time: 00:45:57

Health: -14/85     AC: 22    Str: 23    XL:     11   Next: 4%
Magic:  16/16      EV: 11    Int: 10    God:    Dithmenos [****..]
Gold:   581        SH:  4    Dex: 20    Spells: 9/14 levels left

rFire   + + .      SeeInvis .    a - +1 trident (elec)
rCold   . . .      Faith    .    (no shield)
rNeg    . . .      Spirit   .    n - +0 chain mail of Piclodgh {rF+ Dex+2}
rPois   .          Reflect  .    c - +0 helmet
rElec   .          Harm     .    q - +0 cloak
rCorr   .          Rampage  .    (no gloves)
Will    .....                    J - +0 pair of boots of Fanwulah {rF+ Dex+2}
Stlth   ..........               (no amulet)
HPRegen 0.24/turn                B - +6 ring of strength
MPRegen 0.15/turn                (no ring)

@: sanguine armoured, wreathed by umbra
A: claws 1, powered by pain 2, sanguine armour 2, condensation shield
a: Renounce Religion, Shadow Step


You were on level 9 of the Dungeon.
You worshipped Dithmenos.
Dithmenos was greatly pleased with you.
You visited 2 branches of the dungeon, and saw 12 of its levels.

You collected 743 gold pieces.
You spent 162 gold pieces at shops.

Inventory:

Hand Weapons
 a - a +1 trident of electrocution (weapon)
 b - a +4 sling
 h - a +4 dagger
 u - the +10 dagger of Uncertain Death {elec, *Slow rElec Str+8}
   (You found it on level 5 of the Dungeon)

   It occasionally discharges a powerful burst of electricity upon striking a
   foe.
   Str:       It affects your strength (+8).
   rElec:     It insulates you from electricity.
   *Slow:     It may slow you when you take damage.
Missiles
 d - 7 throwing nets (quivered)
 e - 8 javelins
 g - 25 poisoned darts
 s - 6 silver javelins
 y - 12 boomerangs
Armour
 c - a +0 helmet (worn)
 j - the +1 helmet of Eternal Vigilance {Rampage rF- rN+}
   (You found it on level 4 of the Dungeon)

   rF:        It makes you vulnerable to fire.
   rN:        It protects you from negative energy.
   Rampage:   It bestows one free step when moving towards enemies.
 m - a +1 ring mail
 n - the +0 chain mail of Piclodgh (worn) {rF+ Dex+2}
   (You found it on level 8 of the Dungeon)

   Dex:       It affects your dexterity (+2).
   rF:        It protects you from fire.
 q - a +0 cloak (worn)
 H - the +0 ring mail "Bapliojeni" {Int+4}
   (You found it on level 7 of the Dungeon)

   Int:       It affects your intelligence (+4).
 J - the +0 pair of boots of Fanwulah (worn) {rF+ Dex+2}
   (You found it on level 9 of the Dungeon)

   Dex:       It affects your dexterity (+2).
   rF:        It protects you from fire.
Magical Staves
 G - a staff of poison
Jewellery
 B - a +6 ring of strength (left claw)
 D - a ring of wizardry
 E - a +4 ring of evasion
Wands
 t - a wand of iceblast (29)
 v - a wand of acid (7)
Scrolls
 i - a scroll of amnesia
 k - 5 scrolls of teleportation
 o - a scroll of blinking
 p - 2 scrolls of enchant weapon
 C - 4 scrolls of identify
 F - a scroll of summoning
 I - 2 scrolls of enchant armour
Potions
 f - 2 potions of ambrosia
 l - 3 potions of haste
 r - 3 potions of curing
 w - a potion of invisibility
 x - 3 potions of flight
 z - 2 potions of attraction
 A - 2 potions of lignification


   Skills:
 + Level 7.7 Fighting
 - Level 6.0 Polearms
 - Level 1.7 Throwing
 - Level 5.0 Armour
 - Level 5.0 Dodging
 + Level 8.5 Unarmed Combat
 + Level 2.1 Spellcasting
 - Level 7.0 Invocations
 - Level 5.0 Evocations


You had 9 spell levels left.
You knew the following spells:

 Your Spells              Type           Power      Damage    Failure   Level
f - Frozen Ramparts       Ice            2%         1d1       100%        3
w - Wereblood             Tmut           1%         N/A       98%         2

Your spell library contained the following spells:

 Spells                   Type           Power      Damage    Failure   Level
 Apportation              Tloc           2%         N/A       92%         1
 Beastly Appendage        Tmut           2%         N/A       92%         1
 Necrotise                Necr           4%         1d4       92%         1
 Sting                    Tmut/Pois      4%         1d3       92%         1
 Summon Small Mammal      Summ           4%         N/A       92%         1
 Poisonous Vapours        Pois/Air       2%         N/A       98%         2
 Call Canine Familiar     Summ           1%         N/A       100%        3
 Spider Form              Tmut/Pois      1%         N/A       100%        3
 Summon Guardian Golem    Hex/Summ       1%         N/A       100%        3
 Ice Form                 Ice/Tmut       1%         N/A       100%        4
 Olgreb's Toxic Radiance  Pois           1%         N/A       100%        4
 Summon Ice Beast         Ice/Summ       1%         N/A       100%        4


Dungeon Overview and Level Annotations

Branches:
Dungeon (11/15)            Temple (1/1) D:4            Lair (0/5) D:9
    Orc (0/2) D:10

Altars:
Ashenzari
Cheibriados
Dithmenos
Fedhas
Gozag
Hepliaklqana
Kikubaaqudgha
Makhleb
Nemelex Xobeh
Okawaru
Qazlal
Sif Muna
Uskayaw
Vehumet
Wu Jian
Xom
Yredelemnul

Shops:
D:3 [   D:5 ?

Annotations:
D:5 1 transporter, siradein's ghost, novice DsFi


Innate Abilities, Weirdness & Mutations

You have sharp fingernails.
You sometimes gain power by taking damage.
When seriously injured, your blood forms thick armour. (AC +9)
A meltable shield of frost defends you. (SH +4)


Message History

b - a +4 sling (weapon)
You shoot a sling bullet.
The sling bullet barely misses the orc warrior.
The orc warrior misses you.
You hear the crackle of electricity.
a - a +1 trident of electrocution (weapon)
The orc warrior closely misses you.
You closely miss the orc knight.
The orc knight is heavily wounded.
The orc warrior barely misses you.
The orc knight hits you with a +0 battleaxe!
You hit the orc knight.
The orc knight is heavily wounded.
The orc warrior hits you but does no damage.
The orc knight misses you. The orc warrior barely misses you.
The orc warrior hits you with a +0 war axe!
The orc knight hits you with a +0 battleaxe!
Your blood congeals into armour.
You climb upwards.
There is a stone staircase leading down here.
You hit the orc knight but do no damage.
Lightning courses through the orc knight!!
The orc knight is almost dead.
Your shadow closely misses the orc knight.
The orc warrior hits you with a +0 war axe!
The orc knight hits you with a +0 battleaxe.
You are too injured to fight recklessly!
You are too injured to fight recklessly!
You hit the orc knight.
The orc knight is almost dead.
The orc knight is no longer covered in acid.
The orc warrior hits you with a +0 war axe!!
* * * LOW HITPOINT WARNING * * *
The orc knight barely misses you.
You hit the orc knight.
You kill the orc knight!
Dithmenos accepts your kill.
The orc warrior hits you with a +0 war axe!
You die...

#.......#..>......
#.......#.........
#.......#####'####
#..#..............
#..#.....###.....P
#..#.....# #......
#..#.....###......
#.)#...........P..
#@......#####...P.
#o......# #.P...
#.......# #...P.
#.......# #.P...
#.#####.#####....P
#......).....#....
#......).###.#....
#.###....# #......
#.###....# #[.....


You could see an orc warrior (strong).

Vanquished Creatures
  Harold (D:9)
  An orc knight (D:9)
  A hornet (D:9)
  Prince Ribbit (D:6)
  A vampire (D:9)
  A wraith (D:10)
  11 yaks
  3 wyverns
  2 steam dragons
  5 water moccasins
  Duvessa (D:4)
  7 orc warriors
  An ice beast (D:5)
  A black bear (D:9)
  An ogre (D:6)
  4 centaurs
  2 kobold brigands
  2 scorpions
  7 bullfrogs
  8 wights
  Dowan (D:4)
  4 killer bees (D:9)
  2 jellies
  A quasit (D:8)
  3 hounds
  A gnoll bouda (D:6)
  5 orc priests
  7 iguanas
  8 orc wizards
  21 gnolls
  6 adders
  3 shadow imps
  8 white imps
  3 ufetubi
  A worm (D:3)
  5 dart slugs
  29 orcs
  2 endoplasms
  4 giant cockroaches
  32 goblins
  31 hobgoblins
  2 jackals (D:2)
  18 kobolds
  4 quokkas
  7 ball pythons
  9 bats
  4 frilled lizards
  6 rats
288 creatures vanquished.

Vanquished Creatures (others)
  3 demonic plants (D:8)
  47 fungi (D:9)
  40 plants
90 creatures vanquished.

Grand Total: 378 creatures vanquished

Notes
Turn   | Place    | Note
-------+----------+-------------------------------------------
     0 | D:1      | porpoise the Demonspawn Gladiator began the quest for the
                  | Orb.
     0 | D:1      | Reached XP level 1. HP: 16/16 MP: 1/1
   350 | D:1      | Found a faded altar of an unknown god.
   356 | D:1      | Gained mutation: You have sharp fingernails. [demonic
                  | ancestry]
   356 | D:1      | Reached XP level 2. HP: 22/22 MP: 2/2
  1008 | D:2      | Gained mutation: When seriously injured, your blood forms
                  | armour. (AC +9) [demonic ancestry]
  1008 | D:2      | Reached XP level 3. HP: 19/28 MP: 3/3
  1693 | D:3      | Found Jotheahism's Antique Armour Boutique.
  1872 | D:3      | Reached XP level 4. HP: 24/34 MP: 4/4
  1973 | D:3      | Found a hide-covered altar of Uskayaw.
  2403 | D:3      | Found an ancient bone altar of Kikubaaqudgha.
  2946 | D:4      | Found a staircase to the Ecumenical Temple.
  2953 | Temple   | Entered the Ecumenical Temple
  2967 | Temple   | Became a worshipper of Dithmenos the Shadowed
  3038 | D:4      | Found an iron altar of Okawaru.
  3064 | D:4      | Reached XP level 5. HP: 41/41 MP: 5/5
  3752 | D:4      | Reached skill level 5 in Polearms
  3755 | D:4      | Reached * piety under Dithmenos
  4188 | D:4      | Gained mutation: You sometimes gain a little power by
                  | taking damage. [demonic ancestry]
  4188 | D:4      | Reached XP level 6. HP: 46/48 MP: 6/6
  4457 | D:4      | Noticed Duvessa
  4457 | D:4      | Noticed Dowan
  4473 | D:4      | Killed Dowan
  4498 | D:4      | Killed Duvessa
  4664 | D:4      | Reached ** piety under Dithmenos
  4787 | D:4      | Identified the +1 helmet of Eternal Vigilance {Rampage rF-
                  | rN+}
  4905 | D:4      | Gained mutation: A meltable shield of frost defends you.
                  | (SH +4) [demonic ancestry]
  4905 | D:4      | Reached XP level 7. HP: 55/55 MP: 7/7
  5057 | D:5      | Entered Level 5 of the Dungeon
  5087 | D:5      | Found Donothreph's Magic Scroll Shop.
  5092 | D:5      | Bought 2 scrolls of identify for 48 gold pieces
  5092 | D:5      | Bought a scroll of identify for 24 gold pieces
  5092 | D:5      | Bought a scroll of blinking for 90 gold pieces
  5109 | D:5      | Reached skill level 5 in Fighting
  5109 | D:5      | Reached skill level 1 in Unarmed Combat
  5171 | D:5      | Found a basalt altar of Yredelemnul.
  5323 | D:5      | Found a hazy altar of Hepliaklqana.
  5323 | D:5      | Found a stormy altar of Qazlal.
  5351 | D:5      | Reached skill level 2 in Unarmed Combat
  5449 | D:5      | Identified the +10 dagger of Uncertain Death {elec, *Slow
                  | rElec Str+8}
  5465 | D:5      | Found a transporter.
  5584 | D:5      | Found a transporter.
  5613 | D:5      | Identified the +5 buckler of Theory {rElec}
  5749 | D:5      | Learned a level 3 spell: Frozen Ramparts
  5765 | D:5      | Found a runed translucent door.
  5860 | D:5      | Noticed siradein's ghost (novice DsFi)
  5937 | D:5      | Reached skill level 3 in Unarmed Combat
  5940 | D:5      | Gained mutation: You sometimes gain power by taking damage.
                  | [demonic ancestry]
  5940 | D:5      | Reached XP level 8. HP: 48/64 MP: 8/8
  5949 | D:5      | Reached skill level 4 in Unarmed Combat
  6174 | D:5      | Learned a level 2 spell: Wereblood
  6572 | D:5      | Reached skill level 1 in Armour
  6572 | D:5      | Reached skill level 1 in Invocations
  6978 | D:6      | Noticed Prince Ribbit
  6993 | D:6      | Killed Prince Ribbit
  7088 | D:6      | Reached skill level 5 in Unarmed Combat
  7101 | D:6      | Reached *** piety under Dithmenos
  7729 | D:6      | Reached XP level 9. HP: 72/72 MP: 12/12
  8055 | D:7      | Reached skill level 5 in Invocations
  8432 | D:7      | Reached skill level 6 in Unarmed Combat
  8602 | D:7      | Found an opulent altar of Gozag.
  8842 | D:7      | Identified the +0 ring mail "Bapliojeni" {Int+4}
  9051 | D:8      | You fall into a shaft and drop 3 floors!
  9058 | D:11     | Noticed a troll
  9060 | D:10     | Entered Level 10 of the Dungeon
  9279 | D:8      | Identified the +0 chain mail of Piclodgh {rF+ Dex+2}
  9329 | D:8      | Found a blossoming altar of Fedhas.
  9596 | D:8      | Reached **** piety under Dithmenos
  9597 | D:8      | Reached skill level 1 in Evocations
  9604 | D:8      | Reached skill level 5 in Armour
 10015 | D:8      | Identified the +0 robe "Duqueloj" {rElec}
 10236 | D:8      | Reached skill level 7 in Unarmed Combat
 10236 | D:8      | Gained mutation: When seriously injured, your blood forms
                  | thick armour. (AC +9) [demonic ancestry]
 10236 | D:8      | Reached XP level 10. HP: 46/79 MP: 15/15
 10532 | D:9      | Noticed Harold
 10559 | D:9      | Killed Harold
 10783 | D:9      | Found a broken altar of Ashenzari.
 10787 | D:9      | Identified the +0 pair of boots of Fanwulah {rF+ Dex+2}
 11762 | D:9      | Found a staircase to the Lair.
 11841 | D:9      | Reached skill level 5 in Dodging
 11841 | D:9      | Reached skill level 8 in Unarmed Combat
 12144 | D:9      | Reached skill level 5 in Evocations
 12429 | D:9      | Reached skill level 1 in Spellcasting
 12441 | D:9      | HP: 2/73 [wight/+5 mace of freezing (5)]
 12937 | D:9      | Paralysed by a hornet for 1 turns
 12954 | D:9      | Reached XP level 11. HP: 47/85 MP: 16/16
 13598 | D:10     | Noticed an orc knight
 13598 | D:10     | Found a staircase to the Orcish Mines.
 13608 | D:9      | HP: 3/85 [orc warrior/+0 war axe (25)]
 13609 | D:9      | Killed an orc knight
 13609 | D:9      | Demolished by an orc warrior

Illustrated notes

Levels and vault maps discovered:
D:1:      mrwooster_arrival_arrow, layout_rooms,
          chequers_ecumenical_altar_simple_redux
D:2:      layout_loops_ring
D:3:      layout_loops_ring, marbit_many_paths, nicolae_overflow_hidden_temple,
          serial_shops, nicolae_shop_stone
D:4:      minmay_goblin_kobold_castle, layout_basic,
          mainiacjoe_overflow_concentric_impassable,
          minmay_temple_entry_junction, uniq_duvessa
D:5:      layout_basic, good_gods_temple_1, mainiacjoe_overflow_paths,
          nicolae_overflow_two_pavilions, serial_shops,
          nicolae_shop_hallway_plus, gammafunk_ghost_gnarly_gnolls,
          grunt_decor_junction, nrook_mini_vaults, lightli_church_of_beogh
D:6:      layout_rooms, kennysheep_potato, uniq_prince_ribbit1
D:7:      layout_rooms, grunt_gozag_breadcrumbs
D:8:      layout_loops_cross, mainiacjoe_overflow_small_starburst,
          serial_demonic, serial_demonic_f, serial_demonic_e, serial_demonic_a,
          serial_demonic_g
D:9:      layout_stronghold, ashenzari_altar_1, due_lair_maze_entry_diamond,
          kennysheep_generic_room_9, uniq_harold
D:10:     layout_basic, lightli_temple_of_fire, nicolae_ru_sacrificial_ziggurat,
          orc_david_3, ebering_ghost_gozag
D:11:     layout_loops_ring, hex_tiny
Temple:   hellmonk_temple_rainy

Skill      XL: |  1  2  3  4  5  6  7  8  9 10 11 |
---------------+----------------------------------+-----
Polearms       | 3 4 5 6 |  6.0
Fighting       | 3 4 6 7 |  7.7
Unarmed Combat | 3 5 7 8 |  8.5
Armour         | 2 5 |  5.0
Invocations    | 4 7 |  7.0
Evocations     | 2 5 |  5.0
Dodging        | 3 5 |  5.0
Spellcasting   | 1 2 |  2.1
Throwing       | |  1.7

Action                   |  1- 3 |  4- 6 |  7- 9 | 10-12 || total
-------------------------+-------+-------+-------+-------++-------
Melee: Trident           |   139 |   254 |   359 |   206 ||   958
       Punch             |     1 |     5 |    14 |    14 ||    34
 Fire: Sling             |       |    51 |    14 |     1 ||    66
Evoke: Wand              |       |     3 |     7 |     2 ||    12
  Use: Scroll            |       |     9 |    17 |     1 ||    27
       Potion            |       |     1 |     3 |       ||     4
 Stab: Distracted        |       |       |     1 |       ||     1
Armor: Leather armour    |     6 |       |       |       ||     6
       Ring mail         |    34 |   103 |   117 |     8 ||   262
       Chain mail        |       |       |       |    96 ||    96
Dodge: Dodged            |    56 |   185 |   201 |   112 ||   554
Block: Other             |       |       |    47 |    24 ||    71

Table legend: (Time is in decaauts)
 A = Elapsed time spent in this place.
 B = Non-inter-level travel time spent in this place.
 C = Inter-level travel time spent in this place.
 D = Time resting spent in this place.
 E = Time spent auto-exploring this place.
 F = Levels seen in this place.
 G = Mean time per level.
                   A        B        C        D        E       F      G
               +--------+--------+--------+--------+--------+-----+--------+
         Total |  13654 |  13156 |    498 |   5477 |   5185 |  12 | 1137.8 |
       Dungeon |  13629 |  13145 |    484 |   5477 |   5185 |  11 | 1239.0 |
        Temple |     24 |     10 |     14 |      0 |      0 |   1 |   24.0 |
               +--------+--------+--------+--------+--------+-----+--------+

Top non-repeatable levels by time:
     D:9: 2765 daAuts
     D:4: 2101 daAuts
     D:5: 2049 daAuts
     D:8: 1814 daAuts
     D:3: 1296 daAuts
     D:7: 956 daAuts
     D:2: 950 daAuts
     D:6: 905 daAuts
     D:1: 713 daAuts
    D:10: 68 daAuts
  Temple: 24 daAuts
    D:11: 8 daAuts
